Map: Abyssal Reef LE

Players

Foto - Winner!

  • Race: Protoss Protoss
  • League: Silver
  • Spawn Location: 11:00

iPlayDefense

  • Race: Terran Terran
  • League: Silver
  • Spawn Location: 5:00

VOD

Have the link to the VOD?

Description

Time

  • Played on: April 18, 2025, 12:07 p.m.
  • Length: 15:20
Show
View Real Time Build Order
Export as new Build Order

Foto Protoss - Winner!

Build Orders: Carriers 

Get SALT Encoding   

  12  0:34  Pylon  
  12  1:04  Forge  
  12  1:08  Probe  
  12  1:10  Assimilator  
  12  1:16  Probe  
  14  1:26  Probe  
  14  1:31  Nexus  
  15  1:38  Probe  
  16  1:50  Probe, Photon Cannon  
  17  1:58  Photon Cannon  
  17  2:09  Photon Cannon  
  17  2:16  Probe  
  17  2:18  Assimilator  
  18  2:28  Probe  
  19  2:31  Assimilator  
  19  2:36  Probe  
  19  2:38  Assimilator  
  19  2:44  Probe  
  20  2:50  Gateway  
  21  2:54  Probe x2  
  23  3:02  Probe  
  23  3:12  Probe  
  24  3:17  Probe  
  26  3:24  Probe  
  27  3:29  Probe  
  27  3:30  Pylon  
  28  3:36  Probe, Pylon  
  30  3:48  Probe  
  30  3:55  Protoss Shields Level 1  
  30  4:00  Probe  
  31  4:04  Cybernetics Core  
  31  4:11  Photon Cannon  
  31  4:12  Probe  
  32  4:17  Photon Cannon  
  32  4:21  Probe  
  32  4:23  Pylon  
  33  4:24  Probe  
  34  4:31  Pylon  
  34  4:36  Pylon  
  34  4:42  Photon Cannon  
  34  4:47  Probe  
  34  4:51  Stargate  
  35  4:55  Probe  
  36  5:03  Probe  
  36  5:04  Twilight Council  
  37  5:15  Probe  
  37  5:17  Shield Battery  
  38  5:21  Photon Cannon  
  38  5:25  Photon Cannon  
  38  5:27  Shield Battery, Probe  
  39  5:30  Shield Battery  
  39  5:34  Pylon  
  40  5:42  Probe  
  40  5:43  Assimilator  
  40  5:54  Nexus  
  40  5:55  Probe  
  41  5:58  Assimilator  
  41  5:59  Assimilator  
  41  6:08  Probe  
  46  6:20  Probe  
  46  6:21  Void Ray  
  46  6:23  Protoss Ground Armor Level 1  
  47  6:32  Probe  
  48  6:42  Nexus  
  48  6:44  Probe  
  49  6:56  Probe  
  54  7:04  Void Ray  
  54  7:06  Probe  
  55  7:18  Probe  
  56  7:23  Nexus  
  56  7:26  Assimilator  
  56  7:28  Probe  
  56  7:31  Assimilator  
  56  7:36  Probe  
  58  7:45  Probe  
  63  7:55  Void Ray  
  63  7:57  Nexus, Probe  
  64  8:02  Fleet Beacon  
  64  8:06  Pylon  
  64  8:09  Pylon, Probe  
  65  8:13  Pylon  
  65  8:19  Pylon  
  65  8:24  Protoss Ground Weapons Level 1  
  65  8:32  Protoss Air Weapons Level 1, Stargate  
  65  8:33  Stargate  
  69  8:37  Probe  
  69  8:38  Void Ray  
  69  8:41  Probe  
  70  8:45  Probe  
  71  8:49  Probe  
  71  8:53  Nexus  
  71  8:55  Probe x2  
  74  8:59  Probe  
  76  9:07  Probe x2  
  76  9:08  Assimilator  
  78  9:11  Probe  
  78  9:14  Probe  
  84  9:19  Probe x2  
  84  9:21  Void Ray  
  84  9:23  Probe  
  91  9:26  Void Ray x2  
  91  9:31  Probe  
  92  9:43  Probe  
  92  9:44  Probe  
  94  9:48  Probe  
  95  9:55  Probe  
  95  9:56  Probe  
  95  9:58  Tempest  
  109  10:00  Probe  
  109  10:03  Tempest  
  109  10:06  Mothership  
  114  10:07  Probe  
  114  10:08  Assimilator, Probe  
  114  10:12  Assimilator, Probe  
  117  10:16  Carrier  
  117  10:20  Probe x2  
  125  10:22  Flux Vanes  
  125  10:25  Protoss Shields Level 2  
  125  10:32  Probe  
  126  10:41  Protoss Air Armor Level 1, Carrier  
  132  10:44  Nexus, Probe  
  132  10:46  Carrier  
  132  10:49  Assimilator  
  139  10:51  Assimilator  
  139  10:53  Probe  
  139  10:55  Probe  
  141  11:03  Probe  
  141  11:05  Probe  
  141  11:11  Probe  
  143  11:14  Probe  
  143  11:17  Probe  
  146  11:26  Tempest, Probe  
  146  11:29  Probe  
  152  11:38  Assimilator, Probe  
  153  11:41  Probe  
  153  11:43  Assimilator  
  153  11:45  Pylon  
  153  11:46  Carrier  
  160  11:47  Pylon  
  160  11:49  Pylon  
  160  11:50  Tempest  
  160  11:52  Pylon  
  164  12:02  Probe  
  165  12:09  Carrier  
  165  12:14  Probe  
  172  12:24  Stalker  
  172  12:26  Probe  
  175  12:33  Carrier  
  175  12:36  Resonating Glaives  
  181  12:50  Protoss Ground Armor Level 2, Carrier  
  163  12:51  Stalker  
  163  12:52  Protoss Air Weapons Level 2  
  153  13:13  Carrier  
  153  13:19  Stalker  
  155  13:32  Carrier  
  135  13:46  Stalker  
  135  13:51  Tempest  
  141  14:07  Tempest  
  149  14:13  Stalker  
  153  14:27  Tempest  
  153  14:29  Nexus  
  153  14:30  Nexus  
  153  14:31  Tempest  
  143  14:55  Assimilator  
  143  14:58  Assimilator  
  143  15:02  Assimilator  
Show
View Real Time Build Order
Export as new Build Order

iPlayDefense Terran 

Build Orders:  

Get SALT Encoding   

  12  0:00  SCV  
  13  0:20  Supply Depot  
  13  0:27  Refinery  
  13  0:28  SCV  
  14  0:40  SCV  
  15  0:52  SCV  
  15  0:54  Barracks  
  17  1:04  SCV  
  17  1:16  SCV  
  18  1:28  SCV  
  19  1:41  Barracks Reactor  
  19  1:43  Orbital Command  
  19  1:56  Barracks x2  
  19  1:58  Supply Depot  
  19  2:11  SCV  
  20  2:18  Refinery  
  20  2:19  Marine x2  
  22  2:23  SCV  
  23  2:35  SCV  
  24  2:37  Marine  
  24  2:44  Barracks Tech Lab x2  
  25  2:47  SCV  
  26  2:53  Factory  
  26  3:19  Marine x3  
  29  3:25  Combat Shield, Command Center  
  29  3:33  Stimpack  
  29  3:45  Supply Depot  
  29  3:46  Factory Tech Lab  
  29  3:54  Marine x2  
  31  4:06  Marine x2  
  33  4:10  Siege Tank  
  36  4:26  Supply Depot, Marine x3  
  39  4:36  Marine  
  39  4:37  Orbital Command  
  40  4:44  Supply Depot  
  40  5:06  SCV x2  
  42  5:07  Supply Depot, Marine x4  
  46  5:17  Supply Depot  
  46  5:18  SCV x2  
  46  5:19  Concussive Shells  
  48  5:25  Marine  
  49  5:30  Supply Depot  
  49  5:40  Starport  
  49  5:43  Armory  
  49  5:46  SCV x2  
  49  5:47  Engineering Bay  
  51  5:58  SCV  
  52  6:14  SCV x2, Refinery  
  52  6:15  Marine x2  
  52  6:16  Marine x2  
  58  6:22  Supply Depot  
  58  6:26  SCV, Starport Reactor  
  58  6:27  SCV  
  60  6:33  Marine x2  
  60  6:34  Siege Tank  
  60  6:38  Refinery  
  60  6:39  Terran Infantry Weapons Level 1  
  65  6:45  SCV x2  
  65  6:46  Marine  
  68  6:52  Supply Depot  
  68  6:57  SCV x2  
  70  7:06  Siege Tank  
  73  7:12  Marine  
  74  7:16  Medivac x2  
  78  7:28  Command Center  
  78  7:30  SCV x2  
  78  7:31  Marine x4  
  84  7:37  Thor  
  84  7:42  SCV x2  
  84  7:43  Supply Depot  
  92  7:49  Marine x2  
  94  8:15  SCV  
  94  8:16  SCV, Marine  
  94  8:17  Marine x3  
  100  8:20  Thor  
  100  8:22  Medivac x2  
  110  8:27  Supply Depot  
  110  8:28  SCV x2  
  112  8:34  Marine x2  
  114  8:45  Orbital Command, Barracks  
  114  8:46  Barracks  
  114  8:49  Supply Depot  
  114  8:55  SCV x2  
  116  8:56  Marine x4  
  120  9:03  Thor  
  120  9:07  SCV x2  
  128  9:13  Supply Depot  
  128  9:14  Marine x2  
  126  9:41  Orbital Command, Barracks Reactor x2  
  126  10:04  SCV  
  126  10:05  SCV  
  126  10:06  Marine x4  
  132  10:08  Thor  
  132  10:12  Medivac  
  140  10:17  SCV x2  
  142  10:24  Marine x4  
  146  10:29  SCV x2  
  148  10:51  Thor  
  148  10:57  SCV x3  
  157  11:15  Supply Depot  
  157  11:23  Supply Depot  
  157  11:37  SCV x2, Marine x6  
  157  11:38  Supply Depot  
  157  11:39  Refinery  
  165  11:42  Refinery  
  165  11:45  SCV, Marine x2, Viking x2  
  165  11:46  Supply Depot  
  172  11:47  Missile Turret  
  172  11:49  SCV  
  173  12:00  SCV x2, Marine x6  
  173  12:01  Supply Depot  
  181  12:07  Marine x2, Missile Turret, Thor  
  189  12:09  Supply Depot  
  189  12:22  SCV x3, Marine, Viking x2  
  197  12:27  Missile Turret  
  197  12:30  Marine x3  
  197  12:32  Supply Depot  
  200  12:41  Marine x4  
  200  12:50  Thor  
  194  12:52  Viking x2  
  164  13:22  Viking x2  
  164  13:33  Thor  
  166  13:52  Viking x2  
  148  14:16  Thor  
  154  14:22  Marine  
  154  14:23  Marine x7  
  148  14:40  Marine x7  
  148  14:41  Marine  
  156  14:45  Viking  
  156  14:46  Viking  
  160  14:58  Marine x8  
  169  15:04  Missile Turret x3  
  169  15:05  Missile Turret  
Tags
 
Composition
Carriers
Matchup
PvT
Replay Pack
Dave SC2 II
Spawn Locations
Cross Positions
Add a new tag
Caveats
  • Supply blocks, unpowered buildings, or Contaminate may cause inaccurate times.
  • Supply counts are checked every 10 seconds.